 Dungeon Crawl Stone Soup version 0.26-b1-25-gafae2e710b (webtiles) character file.

Game seed: 15069104282034428565

3617 pokeman the Thaumaturge (level 9, -2/51 HPs)
             Began as a Deep Elf Hedge Wizard on Jan 3, 2021.
             Was an Initiate of Vehumet.
             Killed by the air
             ... invoked by Gastronok
              (34 damage)
             ... on level 8 of the Dungeon.
             The game lasted 00:19:57 (9310 turns).

pokeman the Thaumaturge (Deep Elf Hedge Wizard)     Turns: 9310, Time: 00:19:58

Health: -2/51      AC:  5    Str:  7    XL:     9   Next: 86%
Magic:  6/27       EV: 12    Int: 23    God:    Vehumet [......]
Gold:   331        SH:  0    Dex: 14    Spells: 21/32 levels left

rFire    + . .     SeeInvis .   r - +3 dagger (drain)
rCold    . . .     Faith    .   (no shield)
rNeg     . . .     Spirit   .   F - +0 leather armour {rF+}
rPois    .         Reflect  .   s - +0 helmet
rElec    .         Harm     .   (no cloak)
rCorr    +         Rampage  .   G - +0 pair of gloves
Will     .....                  (no boots)
Stlth    ++........             w - amulet of regeneration
HPRegen  0.57/turn              z - ring of resist corrosion
MPRegen  0.20/turn              (no ring)

@: slowed, very slow
A: no striking features
a: Renounce Religion


You were on level 8 of the Dungeon.
You worshipped Vehumet.
Vehumet was noncommittal.
You visited 2 branches of the dungeon, and saw 9 of its levels.

You collected 331 gold pieces.

Inventory:

Hand Weapons
 o - a +2 whip of draining
 r - a +3 dagger of draining (weapon)
 B - a +0 shortbow
Missiles
 j - 143 arrows
 m - 42 bolts
Armour
 s - a +0 helmet (worn)
 C - a +0 pair of gloves
 F - a +0 leather armour of fire resistance (worn)
 G - a +0 pair of gloves (worn)
 I - a +2 leather armour of cold resistance
Jewellery
 l - an uncursed amulet of faith
 w - an amulet of regeneration (around neck)
 z - a ring of resist corrosion (left hand)
Wands
 b - a wand of paralysis (7)
 q - a wand of digging (7)
 H - a wand of flame (13)
Scrolls
 c - 4 scrolls of teleportation {unknown}
 d - a scroll of enchant weapon {unknown}
 e - 6 scrolls of identify {unknown}
 f - 2 scrolls of amnesia {unknown}
 k - 2 scrolls of immolation
 u - a scroll of magic mapping {unknown}
 v - 2 scrolls of fog {unknown}
 y - 2 scrolls of fear {unknown}
 A - 3 scrolls of remove curse {unknown}
 D - 2 scrolls of enchant armour {unknown}
 E - 2 scrolls of blinking {unknown}
Potions
 a - 2 potions of magic {unknown}
 g - 3 potions of brilliance {unknown}
 h - a potion of attraction {unknown}
 i - 5 potions of curing {unknown}
 n - a potion of haste
 p - 2 potions of degeneration {unknown}
 t - 3 potions of heal wounds {unknown}
 x - 2 potions of flight {unknown}
 J - a potion of berserk rage {unknown}


   Skills:
 + Level 3.5 Fighting
 - Level 3.0 Armour
 - Level 3.0 Dodging
 - Level 3.0 Stealth
 * Level 12.2 Spellcasting
 + Level 6.9 Conjurations
 - Level 1.1 Summonings
 - Level 1.1 Translocations
 + Level 6.1 Fire Magic
 - Level 1.0 Air Magic
 - Level 1.0 Poison Magic
 - Level 1.0 Evocations


You had 21 spell levels left.
You knew the following spells:

 Your Spells              Type           Power        Failure   Level
a - Magic Dart            Conj           100%         1%          1
b - Mephitic Cloud        Conj/Pois/Air  28%          5%          3
c - Call Imp              Summ           19%          6%          2
d - Blink                 Tloc           N/A          6%          2
e - Conjure Flame         Conj/Fire      44%          1%          3

Your spell library contained the following spells:

 Spells                   Type           Power        Failure   Level
 Beastly Appendage        Tmut           28%          7%          1
 Slow                     Hex            14%          10%         2
 Wereblood                Tmut           14%          10%         2
 Spider Form              Tmut/Pois      8%           16%         3
 Ice Form                 Ice/Tmut       14%          54%         4
 Blade Hands              Tmut           7%           88%         5


Dungeon Overview and Level Annotations

Branches:
Dungeon (8/15)             Temple (1/1) D:7
   Lair: D:8-11

Altars:
Dithmenos
Elyvilon
Fedhas
Gozag
Makhleb
Ru
Trog
Uskayaw
Vehumet
Wu Jian
Zin
The Shining One

Annotations:
D:4 1 runed translucent door, Gadfly's ghost, amateur DrTm
D:8 Gastronok


Message History

Gastronok's eyestalks quiver as he mumbles some strange words.
The bat is engulfed in blazing flames.
The quokka is engulfed in blazing flames.
You kill the quokka!
The quokka's corpse disappears in a puff of smoke!
Gastronok is engulfed in blazing flames.
Gastronok waves his eye-stalks in wide circles.
The air twists around and strikes you!!
Unknown command.
Casting: Call Imp (safe; 6% risk of failure)
Confirm with . or Enter, or press ? or * to list all spells.
The fire begins to smolder!
Your crimson imp hits Gastronok.
Unknown command.
Unknown command.
Your crimson imp hits Gastronok.
Gastronok is engulfed in blazing flames.
Gastronok waves his eye-stalks in wide circles.
The air twists around and strikes you!!
Ouch! That really hurt!
You die...

#.# #w....$..# #.#
#.......$# #.# #w# #.#
#.# #.# #.# #.# #.# #.#
#.#
#.###################.#
#...........@§§§5w.○..#
#######################


You could see Gastronok and a friendly crimson imp (summoned).

Vanquished Creatures
  Pikel (D:5)
  Joseph (D:7)
  Grinder (D:5)
  Sigmund (D:5)
  Eustachio (D:5)
  Menkaure (D:6)
  3 ice beasts
  5 ogres
  2 phantoms
  3 centaurs
  4 scorpions
  A water moccasin skeleton (D:7)
  3 howler monkeys
  2 orc priests
  3 bullfrog skeletons
  3 hounds
  A jelly (D:5)
  5 orc wizards
  Jessica (D:2)
  An iguana (D:5)
  3 worker ants
  A killer bee zombie (D:5)
  A hound zombie (D:6)
  A hound skeleton (D:6)
  A howler monkey zombie (D:5)
  A gnoll (D:1)
  3 adders
  A shadow imp (D:7)
  2 white imps
  An adder skeleton (D:5)
  2 worms
  5 dart slugs
  2 leopard geckos
  18 orcs
  2 ball pythons (D:3)
  6 giant cockroaches
  6 goblins
  4 hobgoblins
  7 jackals
  5 quokkas
  6 bats
  5 frilled lizards
  A giant cockroach zombie (D:1)
  11 kobolds
  2 leopard gecko skeletons
  A leopard gecko zombie (D:5)
  A quokka zombie (D:1)
  8 rats
150 creatures vanquished.

Vanquished Creatures (collateral kills)
  An ogre (D:7)
1 creature vanquished.

Grand Total: 151 creatures vanquished

Notes
Turn   | Place    | Note
-------+----------+-------------------------------------------
     0 | D:1      | pokeman the Deep Elf Hedge Wizard began the quest for the
                  | Orb.
     0 | D:1      | Reached XP level 1. HP: 10/10 MP: 7/7
   401 | D:1      | Reached XP level 2. HP: 16/16 MP: 5/9
   779 | D:1      | Reached skill level 5 in Spellcasting
  1058 | D:1      | Reached XP level 3. HP: 19/20 MP: 6/11
  1063 | D:1      | Learned a level 3 spell: Mephitic Cloud
  1066 | D:1      | Learned a level 2 spell: Call Imp
  1069 | D:1      | Learned a level 2 spell: Blink
  1073 | D:1      | Learned a level 3 spell: Conjure Flame
  2003 | D:2      | Reached skill level 1 in Fighting
  2379 | D:2      | Reached skill level 1 in Armour
  2780 | D:2      | Reached XP level 4. HP: 10/25 MP: 0/13
  3083 | D:2      | Noticed Jessica
  3096 | D:2      | Killed Jessica
  3097 | D:2      | Reached skill level 1 in Fire Magic
  3312 | D:3      | Found a burning altar of Makhleb.
  3316 | D:3      | Reached skill level 6 in Spellcasting
  3322 | D:3      | Reached XP level 5. HP: 15/29 MP: 5/15
  4407 | D:4      | Found a glowing golden altar of the Shining One.
  4519 | D:4      | Reached skill level 1 in Air Magic
  4566 | D:4      | Reached XP level 6. HP: 20/34 MP: 2/17
  4697 | D:4      | Found a glowing silver altar of Zin.
  4773 | D:4      | Reached skill level 7 in Spellcasting
  4773 | D:4      | Reached skill level 1 in Poison Magic
  4773 | D:4      | Reached skill level 1 in Evocations
  4955 | D:4      | Found a white marble altar of Elyvilon.
  4982 | D:4      | Found a runed translucent door.
  4986 | D:4      | Noticed Gadfly's ghost (amateur DrTm)
  5295 | D:5      | Entered Level 5 of the Dungeon
  5298 | D:5      | Noticed Sigmund
  5320 | D:5      | Killed Sigmund
  5321 | D:5      | Reached XP level 7. HP: 37/38 MP: 8/20
  5449 | D:5      | Found a hide-covered altar of Uskayaw.
  5450 | D:5      | Noticed a +0 dagger
  5451 | D:5      | Noticed a +0 hand axe
  5479 | D:5      | Noticed Pikel
  5495 | D:5      | Killed Pikel
  5496 | D:5      | Reached skill level 9 in Spellcasting
  5496 | D:5      | Reached XP level 8. HP: 33/45 MP: 9/23
  6002 | D:5      | Reached skill level 5 in Conjurations
  6237 | D:5      | Noticed Eustachio
  6255 | D:5      | Killed Eustachio
  6256 | D:5      | Reached skill level 10 in Spellcasting
  6534 | D:5      | Noticed Grinder
  6548 | D:5      | Killed Grinder
  6779 | D:6      | Reached XP level 9. HP: 40/49 MP: 16/25
  7138 | D:6      | Reached skill level 5 in Fire Magic
  7241 | D:6      | Reached skill level 11 in Spellcasting
  7420 | D:6      | Noticed Menkaure
  7434 | D:6      | Killed Menkaure
  8353 | D:7      | Noticed Joseph
  8518 | D:7      | Killed Joseph
  8679 | D:7      | Reached skill level 12 in Spellcasting
  8790 | D:7      | Found a bloodstained altar of Trog.
  8845 | D:7      | Found a staircase to the Ecumenical Temple.
  8855 | Temple   | Entered the Ecumenical Temple
  8872 | Temple   | Became a worshipper of Vehumet
  9274 | D:8      | Noticed Gastronok
  9310 | D:8      | Killed from afar by Gastronok

Illustrated notes

Levels and vault maps discovered:
D:1:      saegor_arrival_fortress, layout_loops_ring
D:2:      layout_basic, kennysheep_cluttered_room, uniq_jessica
D:3:      layout_basic, nicolae_overflow_hidden_temple,
          makhleb_blood_cavern_becter
D:4:      layout_cave_pools, elyvilon_altar_4, kennysheep_mini_moat,
          ebering_ghost_inner_flame, tso_metal_star
D:5:      layout_loops_ring, dancing_weapons_uskayaw, kennysheep_small_square,
          uniq_pikel, uniq_eustachio, uniq_grinder, uniq_sigmund
D:6:      layout_loops_ring, chequers_serial_rivers_large_a,
          kennysheep_generic_room_10, uniq_menkaure
D:7:      layout_rooms, general_overflow_altar,
          minmay_temple_entry_drinking_statues, uniq_joseph
D:8:      layout_basic, uniq_harold, uniq_gastronok, uniq_prince_ribbit1
Temple:   eino_temple_scatter_basement

Skill      XL: |  1  2  3  4  5  6  7  8  9 |
---------------+----------------------------+-----
Spellcasting   | 5 6 7 9 10 12 | 12.2
Fighting       | 1 2 3 |  3.5
Conjurations   | 2 3 4 5 6 |  6.9
Armour         | 1 2 3 |  3.0
Fire Magic     | 1 2 3 4 6 |  6.1
Dodging        | 3 |  3.0
Air Magic      | 1 |  1.0
Stealth        | 3 |  3.0
Poison Magic   | 1 |  1.0
Evocations     | 1 |  1.0
Summonings     | |  1.1
Translocations | |  1.1

Action                   |  1- 3 |  4- 6 |  7- 9 || total
-------------------------+-------+-------+-------++-------
Melee: Whip              |     2 |       |       ||     2
       Dagger            |       |    16 |    65 ||    81
 Cast: Magic Dart        |   126 |    97 |   276 ||   499
       Call Imp          |       |     1 |     3 ||     4
       Mephitic Cloud    |       |     4 |    15 ||    19
       Conjure Flame     |       |     3 |    25 ||    28
       Blink             |       |       |     5 ||     5
 Stab: Confused          |       |     1 |     4 ||     5
Armor: Robe              |     6 |     3 |       ||     9
       Leather armour    |       |       |    19 ||    19
Dodge: Dodged            |    24 |    19 |    62 ||   105
